 Dungeon Crawl Stone Soup version 0.24-a0-525-g9231cdcba1 (webtiles) character file.

Game seed: 15335736116633353830

183788 Jorbantar the Earth Mage (level 18, -3/108 HPs)
             Began as a Gargoyle Earth Elementalist on Aug 1, 2019.
             Was the Champion of Vehumet.
             Splashed by a deep elf sorcerer's acid (15 damage)
             ... on level 3 of the Elven Halls on Aug 4, 2019.
             The game lasted 02:12:40 (39423 turns).

Jorbantar the Earth Mage (GrEE)                    Turns: 39423, Time: 02:12:40

Health: -3/108     AC: 35    Str: 17    XL:     18   Next: 38%
Magic:  7/44       EV:  7    Int: 30    God:    Vehumet [******]
Gold:   828        SH: 13    Dex: 13    Spells: 20/44 levels left

rFire    + + .     SeeInvis .   J - +7 demon whip (slash)
rCold    . . .     Gourm    +   y - +0 large shield "Siliu" {Str-3 Int+5}
rNeg     + . .     Faith    .   E - +2 chain mail of the Everdark {Int+3}
rPois    ∞         Spirit   .   s - +0 helmet
rElec    +         Reflect  .   q - +0 cloak
rCorr    .         Harm     .   R - +2 pair of gloves {Dex+3}
MR       +....                  S - +1 pair of boots {Stlth+}
Stlth    ..........             k - amulet of Faquothra {Gourm rF+}
HPRegen  0.28/turn              P - ring of magical power
MPRegen  0.29/turn              F - ring "Damnable Contraption" {rF+ AC+3 Str+6}

@: corroded, lightly drained
A: big wings, negative energy resistance 1, electricity resistance, unbreathing,
petrification resistance, rot immunity, AC +13
a: Fly, Renounce Religion


You were on level 3 of the Elven Halls.
You worshipped Vehumet.
Vehumet was exalted by your worship.
You were full.

You visited 5 branches of the dungeon, and saw 27 of its levels.
You also visited: Trove, Ice Cave and Volcano.

You collected 2606 gold pieces.
You spent 1778 gold pieces at shops.

Inventory:

Hand Weapons
 J - a +7 demon whip of slashing (weapon)
Missiles
 b - 233 stones (quivered)
Armour
 q - a +0 cloak (worn)
 s - a +0 helmet (worn)
 y - the +0 large shield "Siliu" (worn) {Str-3 Int+5}
   (You bought it in a shop on level 2 of the Orcish Mines)

   It affects your strength (-3).
   It affects your intelligence (+5).
 E - the +2 chain mail of the Everdark (worn) {Int+3}
   (You bought it in a shop on level 2 of the Orcish Mines)

   It affects your intelligence (+3).
 R - a +2 pair of gloves of dexterity (worn)
 S - a +1 pair of boots of stealth (worn)
Jewellery
 c - the ring of Unuxah {rC+ Str+2 Dex-4 SInv}
   (You found it in a treasure trove)

   [ring of see invisible]

   It affects your strength (+2).
   It affects your dexterity (-4).
   It protects you from cold.
   It lets you see invisible.
 e - an uncursed amulet of harm
 f - the ring of Life {Fire +Inv Int+3}
   (You found it on level 2 of the Elven Halls)

   [ring of fire]

   It enhances your fire magic.
   It affects your intelligence (+3).
   It protects you from fire.
   It makes you vulnerable to cold.
   It lets you turn invisible.
 g - an uncursed ring of see invisible {unknown}
 j - an uncursed ring of ice {unknown}
 k - the amulet of Faquothra (around neck) {Gourm rF+}
   (You acquired it on level 12 of the Dungeon)

   [amulet of the gourmand]

   It allows you to eat raw meat even when not hungry.
   It protects you from fire.
 F - the ring "Damnable Contraption" (right hand) {rF+ AC+3 Str+6}
   (You found it in a treasure trove)

   [ring of protection]

   It affects your AC (+3).
   It affects your strength (+6).
   It protects you from fire.
 P - a ring of magical power (left hand)
 Q - an uncursed ring of protection from magic
Wands
 h - a wand of polymorph (25)
 w - a wand of digging (6)
 z - a wand of enslavement (2)
 B - a wand of iceblast (21)
Scrolls
 o - 4 scrolls of fear
 r - 5 scrolls of amnesia
 v - a scroll of blinking
 x - a scroll of identify
 C - 6 scrolls of teleportation
 D - 8 scrolls of remove curse
 T - 2 scrolls of magic mapping
Potions
 a - 3 potions of heal wounds
 i - 3 potions of ambrosia
 l - 3 potions of haste
 m - 2 potions of brilliance
 t - 13 potions of curing
 u - 3 potions of agility
 A - 2 potions of might
 H - a potion of flight {unknown}
 K - 3 potions of berserk rage
 L - 2 potions of resistance {unknown}
Miscellaneous
 n - a crystal ball of energy
 I - a phial of floods (inert)
Comestibles
 d - 43 rations


   Skills:
 + Level 10.8(10.6) Fighting
 + Level 6.9(6.7) Maces & Flails
 + Level 10.7(10.6) Armour
 + Level 8.6(8.4) Dodging
 - Level 2.1(2.0) Stealth
 - Level 4.0(3.8) Shields
 * Level 13.7(13.5) Spellcasting
 * Level 14.6(14.4) Conjurations
 - Level 0.7(0.5) Transmutations
 * Level 18.2(18.0) Earth Magic
 + Level 8.6(8.4) Evocations


You had 20 spell levels left.
You knew the following spells:

 Your Spells              Type           Power        Failure   Level  Hunger
a - Sandblast             Erth           ######       1%          1    None
b - Passwall              Tmut/Erth      ######..     12%         2    None
c - Stone Arrow           Conj/Erth      ######       1%          3    None
d - Petrify               Tmut/Erth      ######..     58%         4    None
e - Lee's Rapid Deconstr  Erth           #######...   1%          5    None
f - Conjure Flame         Conj/Fire      ######..     14%         3    None
g - Iron Shot             Conj/Erth      #######...   17%         6    ####...

Your spell library contained the following spells:

 Spells                   Type           Power        Failure   Level  Hunger
 Bolt of Fire             Conj/Fire      ######....   99%         6    ####...
 Fireball                 Conj/Fire      ######....   73%         5    None
 Summon Butterflies       Summ           ###.....     98%         1    None
 Summon Small Mammal      Summ           ###.         98%         1    None
 Call Imp                 Summ           ###.....     99%         2    None
 Call Canine Familiar     Summ           ###.....     100%        3    None
 Recall                   Summ/Tloc      N/A          100%        3    None
 Summon Guardian Golem    Hex/Summ       ###.....     100%        3    None
 Ice Form                 Ice/Tmut       ###.....     100%        4    None
 Summon Ice Beast         Ice/Summ       ###.....     100%        4    None
 Summon Lightning Spire   Summ/Air       ###.....     100%        4    None
 Shadow Creatures         Summ           N/A          100%        6    ####...
 Ignition                 Fire           ###.......   100%        8    #######


Dungeon Overview and Level Annotations

Branches:
Dungeon (15/15)            Temple (1/1) D:6            Lair (6/6) D:9
 Shoals (0/4) Lair:2        Snake (0/4) Lair:3        Slime (0/5) Lair:6
    Orc (2/2) D:12            Elf (3/3) Orc:2        Vaults (0/5) D:14
 Depths (0/5) D:15

Altars:
Ashenzari
Elyvilon
Gozag
Kikubaaqudgha
Makhleb
Okawaru
Sif Muna
Trog
Vehumet
Xom
The Shining One
Beogh

Shops:
Orc:2 }?*[::**   Elf:1 }

Annotations:
Lair:1 exclusion: oklob plant


Innate Abilities, Weirdness & Mutations

You are resistant to torment.
Your stone body is resilient. (AC +13)
You are immune to poison.
Your large and strong wings let you fly indefinitely.
You resist negative energy. (rN+)
You are resistant to electric shocks. (rElec)
You can survive without breathing.
You are immune to petrification.
You are immune to rotting.


Message History

The small abomination closely misses you.
Your water elemental hits the deep elf elementalist!!
Your water elemental engulfs the deep elf elementalist in water!
The deep elf elementalist dies!
Vehumet accepts your kill.
You hear a splash.
The small abomination is engulfed in freezing vapours.
The small abomination hits you but does no damage.
The deep elf sorcerer gestures at you while chanting.
The bolt of acid hits you!!
* * * LOW HITPOINT WARNING * * *
The acid corrodes you!
You are splashed with acid!
* * * LOW HITPOINT WARNING * * *
The small abomination is engulfed in freezing vapours.
The small abomination hits you.
* * * LOW HITPOINT WARNING * * *
The deep elf sorcerer points at you and mumbles some strange words.
The bolt of acid hits you but does no damage.
You are splashed with acid!
You die...

..###....e....../..#
...#......e........##
...........e≈≈≈.....##
...).......≈e≈.......#
..........≈≈≈≈.......#
.......###≈≈≈.......#
....## ###≈Ee....# #.#
###x..### #### # ##@##
#... #)/.# #).. #.(}#
#))) ##### #.(. #(<.
####


You could see a deep elf annihilator, a ghostly deep elf death mage, 2 deep elf
sorcerers, a small abomination and a friendly water elemental.

Vanquished Creatures
  3 deep elf blademasters (Elf:3)
  Rupert (D:13)
  3 deep elf master archers (Elf:3)
  The ghost of mopl the Ruffian, an adept TrAM of Okawaru (Elf:1)
  A deep elf sorcerer (Elf:3)
  Louise (D:15)
  A deep elf elementalist (Elf:3)
  A deep elf demonologist (Elf:2)
  A dire elephant (D:15)
  3 deep elf annihilators
  Snorg (D:13)
  A deep elf death mage (Elf:3)
  Josephine (D:15)
  3 deep elf high priests
  Fannar (D:10)
  5 ogre magi
  4 vault guards (D:14)
  4 hydras
  36 dancing weapons
  4 centaur warriors
  A death knight (D:14)
  29 two-headed ogres
  A tengu warrior (D:14)
  An orc high priest (Orc:2)
  Nergalle (Orc:1)
  21 deep elf knights
  3 skeletal warriors (D:14)
  5 unseen horrors
  A hell knight (Volcano)
  16 deep elf archers
  3 orc knights
  Pikel (D:6)
  A phantasmal warrior (D:14)
  A wolf spider zombie (D:14)
  4 cyclopes
  50 deep elf magi
  6 centaur zombies
  3 manticores
  An ugly thing (D:12)
  3 orc sorcerers
  5 elephants
  A naga mage (D:15)
  2 ice statues (IceCv)
  Joseph (D:7)
  2 black mambas (Lair:6)
  3 gargoyles
  3 centaur skeletons
  10 komodo dragons
  11 spiny frogs
  A rime drake (Lair:2)
  3 freezing wraiths (D:14)
  A yaktaur (D:14)
  A komodo dragon (shapeshifter) (D:15)
  6 ice devils (IceCv)
  2 tengu conjurers (D:14)
  A queen bee (shapeshifter) (D:14)
  5 polar bears
  5 hornets (Lair:6)
  7 trolls
  8 dream sheep
  5 blink frogs (Lair:6)
  8 slime creatures
  11 hippogriffs
  3 shadows
  2 air elementals
  A redback (shapeshifter) (D:13)
  15 spriggans
  3 wyverns
  5 water elementals
  6 wraiths
  A human (shapeshifter) (D:13)
  A fire elemental (Elf:1)
  3 vampires
  26 yaks
  6 basilisks
  Menkaure (D:5)
  5 hungry ghosts
  3 nagas (Lair:3)
  5 wargs
  2 hell hounds (Lair:6)
  8 porcupines
  Duvessa (D:7)
  10 water moccasins
  An ice beast (D:13)
  3 sky beasts
  22 orc warriors
  A black bear (Lair:6)
  A phantom (D:7)
  An eye of draining (D:10)
  4 boggarts (Lair:6)
  8 centaurs
  33 ogres
  23 wolves
  5 crocodiles
  3 big kobolds
  Blork the orc (D:6)
  21 bullfrogs
  A wyvern zombie (D:11)
  2 earth elementals
  A gnoll sergeant (D:11)
  A wyvern skeleton (D:7)
  4 jellies
  7 scorpions
  Dowan (D:7)
  26 killer bees
  6 wights
  3 howler monkeys
  7 crimson imps
  2 bullfrog zombies
  8 hounds
  A quasit (D:6)
  9 orc priests
  3 iguanas
  Natasha (D:2)
  13 orc wizards
  11 worker ants
  A worker ant zombie (D:10)
  5 gnolls
  14 adders
  12 shadow imps
  20 white imps
  5 ufetubi (IceCv)
  3 oozes
  An adder skeleton (D:6)
  2 worms
  2 dart slugs
  8 leopard geckos
  70 orcs
  3 giant cockroaches
  5 goblins
  11 hobgoblins
  8 jackals (D:5)
  3 quokkas
  A ball python (D:2)
  5 bats
  2 frilled lizards (D:1)
  A jackal skeleton (D:4)
  A jackal zombie (D:5)
  21 kobolds
  7 rats
  3 plants
885 creatures vanquished.

Vanquished Creatures (collateral kills)
  A deep elf elementalist (Elf:3)
  The ghost of Faih the Bludgeoner, a journeyman DsHu of Trog (Lair:4)
  A deep elf death mage (Elf:3)
  A kobold demonologist (D:13)
  A hornet (D:13)
  3 big kobolds (D:13)
  A shadow imp (D:13)
  An orc (D:13)
  A kobold (D:13)
11 creatures vanquished.

Vanquished Creatures (others)
  A reaper (IceCv)
  A tengu conjurer (D:15)
  4 slaves (D:7)
  A bullfrog (D:7)
  An iguana (D:7)
  3 white imps (IceCv)
  3 ufetubi (IceCv)
  3 orcs
  A bush (Elf:2)
  5 fungi
  5 plants
28 creatures vanquished.

Grand Total: 924 creatures vanquished

Notes
Turn   | Place    | Note
-------+----------+-------------------------------------------
     0 | D:1      | Jorbantar the Gargoyle Earth Elementalist began the quest
                  | for the Orb.
     0 | D:1      | Reached XP level 1. HP: 10/10 MP: 3/3
    21 | D:1      | Reached skill level 4 in Earth Magic
    21 | D:1      | Reached XP level 2. HP: 15/15 MP: 0/5
  1094 | D:1      | Reached XP level 3. HP: 8/19 MP: 4/6
  2281 | D:2      | Reached skill level 5 in Earth Magic
  2583 | D:2      | Found an iron altar of Okawaru.
  2721 | D:2      | Reached XP level 4. HP: 24/24 MP: 8/8
  3161 | D:2      | Noticed Natasha
  3164 | D:2      | Killed Natasha
  3818 | D:3      | Reached XP level 5. HP: 28/28 MP: 5/9
  4004 | D:3      | Reached skill level 6 in Earth Magic
  4039 | D:3      | Learned a level 2 spell: Passwall
  4043 | D:3      | Learned a level 3 spell: Stone Arrow
  4048 | D:3      | Learned a level 4 spell: Petrify
  4189 | D:4      | Noticed an ogre
  4195 | D:4      | Killed an ogre
  4195 | D:4      | Reached XP level 6. HP: 32/32 MP: 2/11
  4436 | D:4      | Reached skill level 7 in Earth Magic
  4526 | D:4      | Got a shimmering scale mail
  4678 | D:4      | Identified the +2 scale mail of the Manifold Stars {rElec
                  | rF+ MR-} (You found it on level 4 of the Dungeon)
  4947 | D:5      | Entered Level 5 of the Dungeon
  4950 | D:5      | Noticed Menkaure
  4953 | D:5      | Killed Menkaure
  4972 | D:5      | Reached XP level 7. HP: 36/36 MP: 13/13
  4988 | D:5      | Reached skill level 8 in Earth Magic
  5664 | D:5      | Found an iron altar of Okawaru.
  5697 | D:5      | Reached skill level 9 in Earth Magic
  6126 | D:6      | Found a staircase to the Ecumenical Temple.
  6126 | D:6      | Noticed Blork the orc
  6130 | D:6      | Killed Blork the orc
  6130 | D:6      | Reached skill level 5 in Spellcasting
  6130 | D:6      | Reached XP level 8. HP: 41/41 MP: 10/15
  6159 | Temple   | Entered the Ecumenical Temple
  6228 | Temple   | Became a worshipper of Vehumet
  6405 | D:6      | Reached skill level 10 in Earth Magic
  6889 | D:6      | Learned a level 5 spell: Lee's Rapid Deconstruction
  6903 | D:7      | Noticed Duvessa
  6903 | D:7      | Noticed Dowan
  6907 | D:7      | Killed Dowan
  6926 | D:7      | Killed Duvessa
  6926 | D:7      | Reached skill level 1 in Conjurations
  7058 | D:7      | Reached skill level 1 in Armour
  7062 | D:7      | Reached skill level 1 in Fighting
  7062 | D:7      | Reached XP level 9. HP: 45/47 MP: 4/18
  7070 | D:7      | Noticed a troll
  7165 | D:7      | Noticed Pikel
  7174 | D:6      | Killed Pikel
  7174 | D:6      | Reached skill level 11 in Earth Magic
  7240 | D:7      | Killed a troll
  7240 | D:7      | Reached * piety under Vehumet
  7240 | D:7      | Offered knowledge of Freeze by Vehumet.
  7434 | D:7      | Noticed Joseph
  7445 | D:7      | Killed Joseph
  7640 | D:7      | Reached XP level 10. HP: 52/56 MP: 8/20
  8133 | D:7      | Offered knowledge of Throw Flame by Vehumet.
  8473 | D:8      | Reached ** piety under Vehumet
  9141 | D:9      | Reached skill level 5 in Conjurations
  9257 | D:9      | Reached skill level 12 in Earth Magic
  9332 | D:9      | Noticed a two-headed ogre
  9346 | D:9      | Killed a two-headed ogre
  9347 | D:9      | Reached skill level 1 in Evocations
  9606 | D:9      | Offered knowledge of Conjure Flame by Vehumet.
  9628 | D:9      | Learned a level 3 spell: Conjure Flame
  9852 | D:9      | Found a staircase to the Lair.
  9859 | Lair:1   | Entered Level 1 of the Lair of Beasts
  9875 | Lair:1   | Noticed a spiny frog
  9883 | Lair:1   | Killed a spiny frog
 10081 | Lair:1   | Noticed a spiny frog
 10086 | Lair:1   | Reached XP level 11. HP: 51/61 MP: 15/23
 10655 | Lair:1   | Noticed an oklob plant
 11319 | Lair:2   | Noticed an eight-headed hydra
 11327 | Lair:2   | Killed an eight-headed hydra
 11369 | Lair:2   | You fall into a shaft and drop 2 floors!
 11446 | Lair:3   | Noticed a six-headed hydra
 11469 | Lair:3   | Found a staircase to the Snake Pit.
 11512 | Lair:2   | Reached *** piety under Vehumet
 11864 | Lair:2   | Reached skill level 5 in Fighting
 11864 | Lair:2   | Reached skill level 13 in Earth Magic
 11936 | Lair:2   | Found a staircase to the Shoals.
 12044 | Lair:2   | Reached skill level 5 in Armour
 12091 | Lair:2   | Noticed a manticore
 12097 | Lair:2   | Killed a manticore
 12467 | Lair:3   | Offered knowledge of Iskenderun's Mystic Blast by Vehumet.
 12504 | Lair:3   | Reached XP level 12. HP: 39/68 MP: 6/25
 13100 | Lair:3   | Killed a six-headed hydra
 13542 | Lair:4   | Noticed a six-headed hydra
 13553 | Lair:4   | Killed a six-headed hydra
 13911 | Lair:4   | Reached **** piety under Vehumet
 14024 | Lair:4   | Found a runed translucent door.
 14537 | Lair:4   | Noticed Faih's ghost (journeyman DsHu)
 14556 | Lair:4   | Killed Faih's ghost
 14556 | Lair:4   | Reached skill level 5 in Dodging
 14707 | Lair:5   | Found a frozen archway.
 14709 | Lair:5   | Offered knowledge of Iskenderun's Battlesphere by Vehumet.
 14733 | IceCv    | Entered an ice cave
 15149 | IceCv    | Killed a reaper
 15627 | IceCv    | Reached skill level 14 in Earth Magic
 16364 | IceCv    | Identified the Papyrus of the Blistering Glacier
 16870 | Lair:5   | You fall into a shaft and drop 1 floor!
 16870 | Lair:6   | Entered Level 6 of the Lair of Beasts
 16896 | Lair:6   | Reached XP level 13. HP: 75/75 MP: 26/26
 16926 | Lair:6   | Reached ***** piety under Vehumet
 16938 | Lair:6   | Found a staircase to the Slime Pits.
 16956 | Lair:6   | Reached skill level 10 in Spellcasting
 16969 | Lair:6   | Offered knowledge of Lightning Bolt by Vehumet.
 17158 | Lair:6   | Reached skill level 10 in Conjurations
 17169 | Lair:6   | Reached skill level 5 in Evocations
 17176 | Lair:6   | Found a dark tunnel.
 17299 | Volcano  | Entered a volcano
 17336 | Volcano  | Found a radiant altar of Vehumet.
 17336 | Volcano  | Noticed an ogre mage
 17346 | Volcano  | Killed an ogre mage
 17358 | Volcano  | Reached skill level 15 in Earth Magic
 17365 | Volcano  | Gained mutation: Your large and strong wings let you fly
                  | indefinitely. [Gargoyle growth]
 17365 | Volcano  | Reached XP level 14. HP: 47/82 MP: 18/28
 19960 | D:10     | Entered Level 10 of the Dungeon
 20214 | D:10     | Offered knowledge of Ozocubu's Refrigeration by Vehumet.
 20287 | D:10     | Noticed Fannar
 20635 | D:10     | Killed Fannar
 20635 | D:10     | Reached skill level 1 in Shields
 21014 | D:10     | Got a brightly glowing granite ring
 21017 | D:10     | Identified the ring "Tayweih" {rF+ Stlth+} (You found it on
                  | level 10 of the Dungeon)
 21055 | D:10     | You fall into a shaft and drop 1 floor!
 21074 | D:11     | Reached skill level 1 in Maces & Flails
 23047 | D:12     | Offered knowledge of Bolt of Magma by Vehumet.
 23076 | D:12     | Found a staircase to the Orcish Mines.
 23843 | D:12     | Identified a scroll of acquirement
 23846 | D:12     | Got a twitching sapphire amulet
 23847 | D:12     | Identified the amulet of Faquothra {Gourm rF+} (You
                  | acquired it on level 12 of the Dungeon)
 24015 | Orc:1    | Entered Level 1 of the Orcish Mines
 24032 | Orc:1    | Noticed Nergalle
 24047 | Orc:1    | Killed Nergalle
 24278 | Orc:2    | Entered Level 2 of the Orcish Mines
 24278 | Orc:2    | Found Josoecwu's Assorted Antiques.
 25287 | Orc:1    | Reached XP level 15. HP: 84/89 MP: 22/30
 25440 | Orc:2    | Offered knowledge of Conjure Ball Lightning by Vehumet.
 26152 | Orc:2    | Found Kasa's Book Shoppe.
 26158 | Orc:2    | Reached skill level 16 in Earth Magic
 26315 | Orc:2    | Found Kichiros's Book Boutique.
 26372 | Orc:2    | Bought a fine large shield for 332 gold pieces
 26372 | Orc:2    | Bought a pitted chain mail for 332 gold pieces
 26398 | Orc:2    | Found a roughly hewn altar of Beogh.
 26416 | Orc:2    | Found Morruriu's Assorted Antiques.
 26511 | Orc:2    | Found Zyzurphe's Food Emporium.
 26512 | Orc:2    | Found Jutudump's Assorted Antiques.
 26512 | Orc:2    | Found Gesmerei's Magic Scroll Shoppe.
 26512 | Orc:2    | Found Ozoar's Armour Boutique.
 26520 | Orc:2    | Bought a scroll of identify for 30 gold pieces
 26522 | Orc:2    | Bought a ration for 65 gold pieces
 26522 | Orc:2    | Bought a ration for 65 gold pieces
 26522 | Orc:2    | Bought a ration for 65 gold pieces
 26522 | Orc:2    | Bought a ration for 65 gold pieces
 26522 | Orc:2    | Bought a ration for 65 gold pieces
 26522 | Orc:2    | Bought a ration for 65 gold pieces
 26522 | Orc:2    | Bought a ration for 65 gold pieces
 26522 | Orc:2    | Bought a ration for 65 gold pieces
 26522 | Orc:2    | Bought a ration for 65 gold pieces
 26522 | Orc:2    | Bought a ration for 65 gold pieces
 26530 | Orc:2    | Found a staircase to the Elven Halls.
 26641 | Orc:2    | Paralysed by an ogre mage for 2 turns
 26852 | Orc:2    | Found Qyekocs's Gadget Emporium.
 26967 | Orc:2    | Identified the cursed +0 large shield "Siliu" {Str-3 Int+5}
                  | (You bought it in a shop on level 2 of the Orcish Mines)
 26988 | Orc:2    | Identified the +2 chain mail of the Everdark {Int+3} (You
                  | bought it in a shop on level 2 of the Orcish Mines)
 27003 | Orc:2    | Bought a scroll of enchant weapon for 112 gold pieces
 27003 | Orc:2    | Bought a scroll of enchant armour for 112 gold pieces
 27286 | Orc:1    | Offered knowledge of Iron Shot by Vehumet.
 27294 | Orc:1    | Learned a level 6 spell: Iron Shot
 27683 | D:13     | Noticed Snorg
 27731 | D:13     | Killed Snorg
 29015 | D:14     | Noticed Rupert
 29025 | D:14     | Paralysed by Rupert for 4 turns
 29049 | D:13     | Paralysed by Rupert for 6 turns
 29058 | D:13     | Killed Rupert
 29637 | D:14     | Found a gate to the Vaults.
 29729 | D:14     | Reached XP level 16. HP: 54/96 MP: 8/32
 30346 | D:14     | Found a portal to a secret trove of treasure.
 30355 | D:14     | You paid a toll of 7 potions of haste to enter a treasure
                  | trove
 30356 | Trove    | Entered a treasure trove
 30359 | Trove    | Got a crude copper ring
 30381 | Trove    | Got a transparent zirconium amulet
 30385 | Trove    | Got a twitching golden amulet
 30404 | Trove    | Got a sparkling steel ring
 30406 | Trove    | Got a smoking lapis lazuli ring
 30425 | Trove    | Got an ancient brass ring
 30436 | Trove    | Got a wavering bone ring
 30478 | D:14     | Identified the ring of Unuxah {rC+ Str+2 Dex-4 SInv} (You
                  | found it in a treasure trove)
 30480 | D:14     | Identified the ring "Navusk" {rElec Stlth-} (You found it
                  | in a treasure trove)
 30482 | D:14     | Identified the ring "Damnable Contraption" {rF+ AC+3 Str+6}
                  | (You found it in a treasure trove)
 30484 | D:14     | Identified the ring of Qunluet {rElec rPois Dex+3} (You
                  | found it in a treasure trove)
 30486 | D:14     | Identified the ring of Baix {+Inv rElec rCorr} (You found
                  | it in a treasure trove)
 30488 | D:14     | Identified the amulet of the Water Diviner {Acrobat Dex+2
                  | Slay+5} (You found it in a treasure trove)
 30490 | D:14     | Identified the amulet of Rudem {+Rage MR+ Str+2} (You found
                  | it in a treasure trove)
 30746 | D:14     | Reached ****** piety under Vehumet
 30870 | D:15     | Entered Level 15 of the Dungeon
 31032 | D:15     | Noticed Louise
 31037 | D:15     | Killed Louise
 31088 | D:15     | Noticed Josephine
 31108 | D:15     | Killed Josephine
 32004 | D:15     | Offered knowledge of Bolt of Cold by Vehumet.
 32310 | D:15     | Found a staircase to the Depths.
 32685 | Orc:2    | Bought a scroll labeled DUUMAI VUDGHUR for 35 gold pieces
 32685 | Orc:2    | Bought an encrusted gilded ring for 175 gold pieces
 32816 | Elf:1    | Entered Level 1 of the Elven Halls
 33587 | Elf:1    | Reached skill level 5 in Maces & Flails
 33802 | Elf:1    | Reached skill level 17 in Earth Magic
 34061 | Elf:1    | Found Cumyl's Gadget Boutique.
 34127 | Elf:1    | Identified the Grimoire of Pantheism
 34240 | Elf:1    | Found a deep blue altar of Sif Muna.
 34418 | Elf:1    | Found a large runed translucent door.
 34418 | Elf:1    | Found a large runed translucent door.
 34418 | Elf:1    | Noticed mopl's ghost (adept TrAM)
 34524 | Elf:1    | Killed mopl's ghost
 35254 | Elf:2    | Reached XP level 17. HP: 66/101 MP: 33/33
 35265 | Elf:2    | Got a flickering glass ring
 35330 | Elf:2    | Reached skill level 10 in Fighting
 35339 | Elf:2    | Identified the ring of Life {Fire +Inv Int+3} (You found it
                  | on level 2 of the Elven Halls)
 35475 | Elf:2    | Reached skill level 10 in Armour
 35746 | Elf:2    | Found a runed translucent gate.
 35746 | Elf:2    | Found a runed translucent gate.
 35798 | Elf:2    | Found a runed translucent gate.
 36733 | Elf:2    | Offered knowledge of Bolt of Fire by Vehumet.
 37203 | Elf:3    | Entered Level 3 of the Elven Halls
 38681 | Elf:3    | Noticed a deep elf master archer
 38690 | Elf:3    | Killed a deep elf master archer
 38697 | Elf:3    | Noticed a deep elf blademaster
 38700 | Elf:3    | Noticed a deep elf master archer
 38702 | Elf:3    | Noticed a deep elf blademaster
 38703 | Elf:3    | Reached XP level 18. HP: 68/108 MP: 20/35
 38704 | Elf:3    | Killed a deep elf blademaster
 38704 | Elf:3    | Reached skill level 18 in Earth Magic
 38707 | Elf:3    | Killed a deep elf blademaster
 38707 | Elf:3    | Killed a deep elf master archer
 38717 | Elf:3    | Noticed a deep elf master archer
 38719 | Elf:3    | Noticed a deep elf blademaster
 39097 | Elf:3    | Killed a deep elf blademaster
 39100 | Elf:3    | Killed a deep elf master archer
 39423 | Elf:3    | Splashed by a deep elf sorcerer's acid

Levels and vault maps discovered:
D:1:      nzn_arrival_crosshair, layout_basic, minmay_pentomino_q4
D:2:      layout_basic, okawaru_metal_pillars_1_2, uniq_natasha
D:3:      layout_basic
D:4:      layout_cave_pools, first_ration
D:5:      layout_cave_pods, marbit_many_paths,
          minmay_fractal_squares_diagonal_5, uniq_menkaure
D:6:      hangedman_cross_stitches, layout_cave_pools,
          minmay_temple_entry_arrows, uniq_blork_the_orc
D:7:      layout_cave_pods, minmay_alternating_orb, uniq_duvessa, uniq_joseph,
          uniq_pikel
D:8:      layout_loops_cross
D:9:      layout_roguey, lair_entry_dummy, the_bakery, eino_jars
D:10:     layout_basic, serial_bayou_pond_c, uniq_fannar
D:11:     layout_loops_ring
D:12:     layout_loops_ring, david_orc_1_choice
D:13:     layout_irregular_city, uniq_snorg
D:14:     layout_rooms, lightli_vaults_fourway_checkpoint,
          nicolae_trove_entry_crystal, kennysheep_donut, uniq_rupert
D:15:     hangedman_depths_entry_try_elsewhere_first, layout_irregular_city,
          minivault_24, uniq_josephine, uniq_louise
Temple:   roderic_octagonal_lattice_temple
Lair:1:   layout_roguey, minmay_lair_oklob_chamber
Lair:2:   layout_chaotic_city, minmay_shoals_entry_beasts, grunt_megastairs_5
Lair:3:   layout_misc_corridors, guppyfry_snake_entry_garden,
          chequers_serial_rivers_small_3, grunt_megastairs_1
Lair:4:   layout_gridlike, ebering_ghost_reflecting_pool, lemuel_fruit_tree
Lair:5:   layout_cave_pods, portal_ice_cave_entry_imps,
          chequers_serial_rivers_large_b
Lair:6:   minmay_lair_end_enchanted_forest, layout_hall_layers,
          minmay_slime_entry_pillars, enter_volcano_3, serial_bayou_lagoon_a,
          grunt_megastairs_2
Orc:1:    layout_diamond_mine, uniq_nergalle
Orc:2:    st_orc_ogre_mass, layout_caves, serial_shops, shop_statue, shop, shop,
          nicolae_shop_trees, nicolae_shop_behind_doors, basic_altar
Elf:1:    minmay_elf_arrival_plus, layout_geoelf_diagonals, basic_altar,
          serial_shops, shop, ebering_ghost_disaster_area, minmay_elf_demonology
Elf:2:    layout_geoelf_grid
Elf:3:    minmay_elf_hall, layout_geoelf_grid

Skill      XL: |  1  2  3  4  5  6  7  8  9 10 11 12 13 14 15 16 17 18 |
---------------+-------------------------------------------------------+-----
Earth Magic    | 4 5 6 7 9 10 11 12 13 14 15 16 17 18 | 18.2
Spellcasting   | 3 4 5 6 7 8 9 10 11 12 13 | 13.7
Conjurations   | 1 4 6 7 9 10 11 12 13 14 | 14.6
Armour         | 1 2 4 5 6 7 8 9 10 | 10.7
Fighting       | 1 3 4 5 6 7 8 9 10 | 10.8
Dodging        | 2 3 4 5 6 7 8 |  8.6
Evocations     | 1 3 4 5 6 7 8 |  8.6
Shields        | 3 4 |  4.0
Maces & Flails | 2 4 5 6 |  6.9
Stealth        | |  2.1
Transmutations | |  0.7

Action                   |  1- 3 |  4- 6 |  7- 9 | 10-12 | 13-15 | 16-18 || total
-------------------------+-------+-------+-------+-------+-------+-------++-------
Melee: Unarmed           |    25 |       |       |       |       |       ||    25
       Spear             |   255 |   165 |   117 |       |       |       ||   537
       Club              |     1 |       |       |       |       |       ||     1
       Short sword       |       |       |     5 |       |       |       ||     5
       Whip              |       |       |     7 |   305 |       |       ||   312
       Demon whip        |       |       |       |    72 |  1486 |   375 ||  1933
 Cast: Sandblast         |    14 |    26 |   107 |   156 |    80 |    95 ||   478
       Stone Arrow       |       |     1 |       |    11 |    15 |     6 ||    33
       Lee's Rapid Decon |       |       |    10 |    78 |    90 |   244 ||   422
       Petrify           |       |       |     1 |     3 |     6 |       ||    10
       Conjure Flame     |       |       |       |       |       |     1 ||     1
Evoke: Wand              |       |     5 |     4 |     2 |     3 |     1 ||    15
       Phial of floods   |       |       |       |     1 |     1 |     3 ||     5
       Box of beasts     |       |       |       |       |     1 |     1 ||     2
  Use: Scroll            |     4 |    10 |     4 |    18 |    17 |     8 ||    61
       Potion            |       |       |       |       |     4 |     2 ||     6
 Stab: Sleeping          |     6 |     2 |     1 |     2 |    21 |       ||    32
       Distracted        |       |     2 |       |       |     1 |       ||     3
       Petrified         |       |       |     9 |       |     2 |       ||    11
  Eat: Chunk             |     6 |     7 |     8 |    23 |    67 |    35 ||   146
       Ration            |       |       |     1 |     8 |     1 |       ||    10
Armor: Robe              |    77 |    62 |    87 |   218 |   318 |       ||   762
       Chain mail        |       |       |       |       |   530 |   296 ||   826
Dodge: Dodged            |   155 |   123 |   134 |   405 |  1377 |   109 ||  2303
Block: Other             |    16 |    26 |    22 |       |       |       ||    64
       Reflection        |       |     1 |       |       |       |       ||     1
       Buckler           |       |       |       |    99 |   466 |       ||   565
       Large shield      |       |       |       |       |   342 |   336 ||   678

Table legend:
 A = Non-vault XP
 B = Vault XP
 C = Vault XP percentage of total XP
 D = Non-vault monster count
 E = Vault monster count
 F = Vault count percentage of total count
                 A         B        C        D         E       F
            +---------+---------+-------+---------+---------+-------
      Total |  146031 |  125941 |  46.3 |     611 |     283 |  31.7
            +---------+---------+-------+---------+---------+-------
        D:1 |      37 |      11 |  22.9 |      21 |       3 |  12.5
        D:2 |      39 |      35 |  47.3 |      15 |       1 |   6.2
        D:3 |     101 |       0 |   0.0 |      15 |       0 |   0.0
        D:4 |     210 |       0 |   0.0 |      10 |       0 |   0.0
        D:5 |     456 |     227 |  33.2 |      22 |       6 |  21.4
        D:6 |     463 |    1046 |  69.3 |      11 |      11 |  50.0
        D:7 |     917 |    1638 |  64.1 |      23 |      14 |  37.8
        D:8 |     323 |       0 |   0.0 |       6 |       0 |   0.0
        D:9 |    1791 |     787 |  30.5 |      14 |      10 |  41.7
       D:10 |    3734 |     945 |  20.2 |      40 |       1 |   2.4
       D:11 |    4710 |       0 |   0.0 |      46 |       0 |   0.0
       D:12 |    5603 |     497 |   8.1 |      28 |       9 |  24.3
       D:13 |    7894 |    4044 |  33.9 |      37 |       2 |   5.1
       D:14 |   11373 |    7056 |  38.3 |      28 |      12 |  30.0
       D:15 |    8817 |    6280 |  41.6 |      23 |      11 |  32.4
     Lair:1 |    2337 |       0 |   0.0 |      10 |       0 |   0.0
     Lair:2 |    3660 |    1150 |  23.9 |      13 |       3 |  18.8
     Lair:3 |    5396 |     912 |  14.5 |      25 |       5 |  16.7
     Lair:4 |    4010 |    1097 |  21.5 |      14 |       1 |   6.7
     Lair:5 |    6086 |     123 |   2.0 |      19 |      12 |  38.7
     Lair:6 |    5438 |   12278 |  69.3 |      18 |      56 |  75.7
      Orc:1 |    2198 |    9909 |  81.8 |      31 |      19 |  38.0
      Orc:2 |    5066 |   11575 |  69.6 |      43 |      24 |  35.8
      Elf:1 |   16354 |    8851 |  35.1 |      25 |      12 |  32.4
      Elf:2 |   23915 |   23179 |  49.2 |      36 |      29 |  44.6
      Elf:3 |   25103 |   24544 |  49.4 |      38 |      13 |  25.5
      IceCv |       0 |    2982 | 100.0 |       0 |      21 | 100.0
    Volcano |       0 |    6775 | 100.0 |       0 |       8 | 100.0
            +---------+---------+-------+---------+---------+-------
